nyob, neutral female gnomish Wizard --- ...- ... -..G..h@. -....:-- |..%..| --...| ---.-- -.%.| ...-- ..>. --..| ... --...--------..... --.........((...... .--..... ....-------... ....... ...| ... ....-- ... .<. .-- nyob the Conjurer Experience level: 4 Strength: 8 Dexterity: 13 Constitution: 15 Intelligence: 15 Wisdom: 7 Charisma: 11 Health: 0(27) Energy: 22(35) Def: 2 Gold: 56 Moves: 1855 Dungeon seed: Ysv8-oYejy430Qoi Game ID: nyob_1520617445 Your Inventory: Coins $ - 56 gold pieces Weapons a - a blessed +2 quarterstaff (weapon in hands) o - a blessed +1 dart named uncursed (in quiver) Armor e - an uncursed +1 cloak of magic resistance (being worn) Spellbooks l - a blessed spellbook of force bolt m - an uncursed spellbook of detect food u - an uncursed spellbook of knock Potions f - an uncursed potion of monster detection g - an uncursed potion of invisibility Rings c - an uncursed +1 ring of gain constitution d - an uncursed ring of cold resistance Wands b - a wand of slow monster (0:5) Tools n - an uncursed blindfold Gems q - 2 uncursed worthless pieces of yellow glass r - an uncursed worthless piece of blue glass y - 2 uncursed worthless pieces of green glass z - an uncursed worthless piece of red glass Spells and supernatural/magical abilities: Name Level Category Fail Memory a - force bolt 1 attack 0% 91% E - detect food 2 divination 75% 91% W - pray for help -- divine ? -- Your skills at the end: Fighting Skills Weapon Skills quarterstaff [Basic] Spellcasting Skills attack spells [Basic] enchantment spells [Basic] Final Attributes: You had transgressed. You were magic-protected. You had infravision. You were unlucky. Thoth was angry with you. You are dead. Vanquished creatures: a shrieker a kitten 2 orc zombies a dwarf zombie a coyote 3 hobbits a hobgoblin a giant rat a brown mold a green mold 4 gnomes 3 garter snakes a gecko 6 jackals 2 foxes a sewer rat 7 grid bugs 5 lichens 7 newts 49 creatures vanquished. Genocided species: giant ants 1 species genocided. Voluntary challenges: You followed a strict vegan diet. You used a wielded weapon 43 times, starting on turn 4. You read items or engraved 7 times, starting on turn 224. You genocided 1 type of monster, starting on turn 1759. You never polymorphed an object. You never changed form. You used no wishes. You never split a pudding. You never wrote Elbereth's name. You violated your moral code, losing 72 points of alignment, starting on turn 1749. Dungeon overview: The Dungeons of Doom: levels 1 to 3 Level 1 a fountain a long staircase Level 2 an armor shop Level 3 a fountain stairs to The Gnomish Mines The Gnomish Mines: levels 4 to 5 Level 4 stairs to The Dungeons of Doom Level 5 <- You were here History has recorded: On T:1 you entered the Dungeons of Doom to retrieve the Amulet of Yendor! On T:203 you reached level 2 of The Dungeons of Doom. On T:1018 you advanced to experience level 2. On T:1238 you reached level 3 of The Dungeons of Doom. On T:1547 you reached level 1 of The Gnomish Mines. On T:1562 you advanced to experience level 3. On T:1717 you advanced to experience level 4. On T:1782 you reached level 2 of The Gnomish Mines. Score breakdown: Gold: 56 ( 5972 points) Experience: 4 levels ( 9649 points) Exploration: 5 levels ( 10.42%) ( 8751 points) Discoveries: 2 items ( 0.70%) ( 2504 points) Valuables value: (no points given unless you survive) Artifact value: 0 ( 0 points) Variety of kills: 19 monsters ( 4.99%) ( 6699 points) Turncount: 1855 turns ( 0 points) Survival: died (score multiplied by 80%) Total score: 26860 Latest messages: There are a few objects here. The hobbit wields a runed dagger! You kill the hobbit! There are a few objects here. You miss the gnome. The gnome gets angry! You hit the gnome. The gnome hits! You kill the gnome! The gecko just misses! You miss the dwarf. The dwarf gets angry! The dwarf wields a pick-axe! The dwarf swings his pick-axe. The dwarf hits! The gecko bites! The dwarf swings his pick-axe. The dwarf hits! You die... Final status: Goodbye nyob the Wizard, killed by a dwarf... You died in The Gnomish Mines on dungeon level 5 with 26860 points, and 56 pieces of gold, after 1855 moves. You were level 4 with a maximum of 27 hit points when you died.